 Dungeon Crawl Stone Soup version 0.30-a0-918-g0ff054e9dc (webtiles) character file.

Game seed: 3378846457009475321

252110 selver the Slayer (level 18, -1/187 HPs)
             Began as a Minotaur Fighter on Mar 21, 2023.
             Was an Initiate of Gozag.
             Killed from afar by a starcursed mass (5 damage)
             ... with an accursed screaming
             ... on level 4 of the Abyss.
             The game lasted 02:09:49 (40808 turns).

selver the Slayer (Minotaur Fighter)               Turns: 40808, Time: 02:09:50

Health: -1/187     AC: 35    Str: 29      XL:     18   Next: 95%
Magic:  13/13      EV: 23    Int:  1 (5)  God:    Gozag
Gold:   1118       SH:  0    Dex: 16      Spells: 17/17 levels left

rFire   + . .      SeeInvis +    Q - +5 broad axe (flame)
rCold   + . .      Faith    .    e - +0 kite shield
rNeg    . . .      Spirit   .    C - +8 crystal plate armour
rPois   +          Reflect  +    u - +0 hat {SInv}
rElec   .          Rampage  +    y - scarf {rC+ rF+}
rCorr   +                        L - +2 pair of gloves
Will    +....                    R - +0 pair of boots {rampage} Stlth
                                 P - amulet "Edestuok" {Reflect rCorr SH+5}
HPRegen 0.51/turn                z - ring of the Hare {EV+10}
MPRegen 0.13/turn                K - ring of Asoza {rPois Dex+6 Stlth+}

@: confused, about to teleport, ambrosia-drunk, glowing, unable to read
A: horns 2, retaliatory headbutt, deformed body, (teleportitis 1), no potion
heal 1, devolution 1, [low MP 2], [subdued magic 1], [inability to read after
injury 2]
}: 2/15 runes: decaying, gossamer
a: Renounce Religion, Potion Petition, Call Merchant, Bribe Branch


You were on level 4 of the Abyss.
You worshipped Gozag.
Gozag was most pleased with you.
You visited 6 branches of the dungeon, and saw 31 of its levels.
You visited the Abyss 2 times.
You also visited: Sewer and Gauntlet.

You collected 14348 gold pieces.
You spent 4793 gold pieces at shops.
You paid 8437 gold pieces to Gozag.

Inventory:

Hand Weapons
 Q - a +5 broad axe of flaming (weapon)
 Y - the +6 war axe "Worm's Wrath" {spect, rPois rC+++ rCorr Int-2}
   (You found it on level 4 of the Spider Nest)

   Int:       It affects your intelligence (-2).
   rC:        It renders you almost immune to cold.
   rPois:     It protects you from poison.
   rCorr:     It protects you from acid and corrosion.
Missiles
 G - a throwing net (quivered)
Armour
 a - the +1 pair of boots of the Kraken {Harm rElec Str+3 Dex-3}
   (You bought it in a shop on level 9 of the Dungeon)

   Str:       It affects your strength (+3).
   Dex:       It affects your dexterity (-3).
   rElec:     It insulates you from electricity.
   Harm:      It increases damage dealt and taken.
 e - a +0 kite shield (worn)
 k - the -1 pair of gloves of Trial and Error {rF+ Str+3 Int+2}
   (You found it on level 11 of the Dungeon)

   Str:       It affects your strength (+3).
   Int:       It affects your intelligence (+2).
   rF:        It protects you from fire.
 r - a +1 cloak of stealth
 u - a +0 hat of see invisible (worn)
 y - a scarf of resistance (worn)
 C - a +8 crystal plate armour (worn)
 L - a +2 pair of gloves (worn)
 R - a +0 pair of boots of rampaging (worn)
Jewellery
 b - a +6 ring of dexterity
 g - a ring of see invisible
 h - a +5 ring of evasion
 i - a ring of protection from fire
 z - the ring of the Hare (left hand) {EV+10}
   (You bought it in a shop on level 9 of the Dungeon)

   [ring of evasion]

   EV:        It affects your evasion (+10).
 E - a ring of fire
 J - a +4 ring of protection
 K - the ring of Asoza (right hand) {rPois Dex+6 Stlth+}
   (You found it in a Gauntlet)

   [ring of dexterity]

   Dex:       It affects your dexterity (+6).
   rPois:     It protects you from poison.
   Stlth:     It makes you more stealthy.
 P - the amulet "Edestuok" (around neck) {Reflect rCorr SH+5}
   (You bought it in a shop on level 9 of the Dungeon)

   [amulet of reflection]

   It reflects blocked missile attacks.
   rCorr:     It protects you from acid and corrosion.
   SH:        It affects your SH (+5).
 T - an amulet of reflection
 W - an amulet of regeneration
Wands
 j - a wand of digging (7)
 o - a wand of flame (64)
 t - a wand of charming (18)
 D - a wand of mindburst (15)
 I - a wand of polymorph (12)
 N - a wand of quicksilver (8)
 S - a wand of roots (22)
Scrolls
 c - 2 scrolls of fog
 f - 3 scrolls of enchant weapon
 s - 9 scrolls of magic mapping
 v - 4 scrolls of teleportation
 w - 19 scrolls of identify
 B - 9 scrolls of vulnerability
 M - 6 scrolls of amnesia
 Z - a scroll of enchant armour
Potions
 d - 9 potions of curing
 l - 7 potions of lignification
 m - 6 potions of magic
 n - 6 potions of brilliance
 p - 12 potions of flight
 x - 6 potions of mutation
 O - a potion of resistance
 V - 2 potions of cancellation
 X - 2 potions of ambrosia


   Skills:
 + Level 22.7 Fighting
 - Level 18.0 Axes
 + Level 22.5 Armour
 - Level 16.8 Dodging
 - Level 10.0 Shields


You had 17 spell levels left.
You didn't know any spells.
Your spell library contained the following spells:

 Spells                   Type           Power      Damage    Failure   Level
 Beastly Appendage        Tmut           0%         N/A       100%        1
 Blink                    Tloc           0%         N/A       100%        2
 Ensorcelled Hibernation  Hex/Ice        0%         N/A       100%        2
 Lesser Beckoning         Tloc           0%         N/A       100%        2
 Momentum Strike          Conj/Tloc      0%         3d8       100%        2
 Passwall                 Tmut/Erth      0%         N/A       100%        2
 Poisonous Vapours        Pois/Air       0%         N/A       100%        2
 Sublimation of Blood     Necr           0%         N/A       100%        2
 Wereblood                Tmut           0%         N/A       100%        2
 Confusing Touch          Hex            0%         N/A       100%        3
 Dazzling Flash           Conj/Hex       0%         N/A       100%        3
 Kindle Blastsparks       Fire/Tloc/Air  0%         2d10      100%        3
 Portal Projectile        Hex/Tloc       0%         N/A       100%        3
 Spider Form              Tmut/Pois      0%         N/A       100%        3
 Summon Guardian Golem    Hex/Summ       0%         N/A       100%        3
 Swiftness                Air            0%         N/A       100%        3
 Tukima's Dance           Hex            0%         N/A       100%        3
 Anguish                  Hex/Necr       0%         N/A       100%        4
 Fulminant Prism          Conj/Hex       0%         3d5       100%        4
 Iskenderun's Mystic Bla  Conj/Tloc      0%         2d3       100%        4
 Passage of Golubria      Tloc           0%         N/A       100%        4
 Petrify                  Tmut/Erth      0%         N/A       100%        4
 Agony                    Necr           0%         N/A       100%        5
 Blade Hands              Tmut           0%         N/A       100%        5
 Fireball                 Conj/Fire      0%         3d3       100%        5
 Irradiate                Conj/Tmut      0%         3d11      100%        5
 Iskenderun's Battlesphe  Conj           0%         2d6       100%        5
 Lee's Rapid Deconstruct  Erth           0%         3d4*      100%        5
 Silence                  Hex/Air        0%         N/A       100%        5
 Yara's Violent Unravell  Hex/Tmut       0%         3d3       100%        5
 Conjure Ball Lightning   Conj/Air       0%         3x3d6     100%        6
 Enfeeble                 Hex            0%         N/A       100%        7
 Orb of Destruction       Conj           0%         9d5       100%        7
 Spellforged Servitor     Conj/Summ      0%         N/A       100%        7


Dungeon Overview and Level Annotations

Branches:
Dungeon (15/15)            Temple (0/1) D:5            Lair (5/5) D:9
  Swamp (4/4) Lair:2       Spider (4/4) Lair:2        Slime (0/5) Lair:5
    Orc (2/2) D:10            Elf (0/3) Orc:2        Vaults (1/5) D:14
 Depths (0/4) D:15          Sewer (visited)         Gauntlet (visited)

Altars:
Elyvilon
Gozag
Okawaru
Qazlal
Ru
Sif Muna
Vehumet
Yredelemnul
Zin
The Shining One
Jiyva

Shops:
D:1 [   D:3 *   D:4 ?   D:7 *   D:9 *[(*==[(   D:10 [(   Orc:2 (=((

Annotations:
D:4 3 runed translucent doors, billz999's ghost, novice GnHu; cforsyth's ghost, amateur HuFi; gelatine's ghost, amateur DsGl; superbruh's ghost, novice MiFi
D:9 1 transporter, 3 runed translucent doors, lesbiats's ghost, journeyman TrFi
D:11 1 runed translucent door, exclusion: ice statue
Lair:1 3 runed translucent doors, lunkers's ghost, journeyman MeEE
Lair:3 2 transporters


Innate Abilities, Weirdness & Mutations

You have a pair of horns on your head.
You reflexively headbutt those who attack you in melee.
Armour fits poorly on your strangely shaped body.
((You are occasionally teleported next to monsters.))
Potions are less effective at restoring your health.
You have hidden genetic defects.
[Your magical capacity is very low. (-20% MP)]
[Your spells are a little easier to cast, but a little less powerful.]
[You sometimes lose the ability to read scrolls when taking damage.]


Message History

You barely miss the Executioner.
The daeva shouts!
You slash the quicksilver dragon! You burn the quicksilver dragon.
You hit the red draconian scorcher. You hit the Executioner.
You burn the Executioner. The Executioner barely misses you.
The Executioner misses you.
The Executioner hits you but does no damage.
The Executioner completely misses you.
The Executioner hits you but does no damage. x2
A starcursed mass splits.
The quicksilver dragon bites you but does no damage.
The quicksilver dragon claws you.
* * * LOW HITPOINT WARNING * * *
The red draconian scorcher gestures at you while chanting.
The bolt of fire misses you.
The daeva calls down the wrath of the Shining One upon you.
The Shining One smites you!
* * * LOW HITPOINT WARNING * * *
A starcursed mass splits.
An ancient zyme comes into view.
You feel yourself growing ill in the presence of the ancient zyme.
You miss the quicksilver dragon.
The quicksilver dragon is moderately wounded.
You hit the red draconian scorcher but do no damage.
You slash the Executioner! You miss the Executioner.
The Executioner hits you but does no damage. x2
The Executioner misses you.
The Executioner hits you but does no damage.
The Executioner misses you. The Executioner barely misses you.
The quicksilver dragon breathes dispelling energy at you.
The bolt of dispelling energy misses you.
The Executioner hits you but does no damage.
The Executioner hits you.
* * * LOW HITPOINT WARNING * * *
The Executioner barely misses you. x2
The Executioner hits you but does no damage. x2
A starcursed mass splits.
A chorus of shrieks assaults your mind.
You die...
Your body crumbles into a pile of gold. ###### #@Dq # #q11X§. #AXXx.d..t

.§§§§. .
##....##
. #1####
#1A .§.


You could see 3 starcursed masses, a daeva, a quicksilver dragon (catching
breath), a white draconian stormcaller, a red draconian scorcher, 2 Executioners
and an ancient zyme.

Vanquished Creatures
  the Lernaean hydra (Swamp:4)
  Arachne (Spider:2)
  Mlioglotl (Swamp:1)
  4 tentacled starspawn
  Kirke (Lair:3)
  2 fenstrider witches
  7 emperor scorpions
  2 ironbound preservers (Vaults:1)
  A very ugly thing (Abyss:4)
  An orc warlord (D:10)
  7 ghost moths
  A draconian shifter (Abyss:3)
  4 broodmothers
  2 stone giants
  An ironbound thunderhulk (Vaults:1)
  Azrael (D:14)
  2 deep elf annihilators (Vaults:1)
  5 eleionomae
  2 bunyips
  A minotaur (Gauntlet)
  An eidolon (Abyss:2)
  2 entropy weavers
  2 shambling mangroves
  2 great orbs of eyes
  An ice dragon (Lair:5)
  A rakshasa (D:15)
  21 hydras
  Erolcha (Orc:1)
  3 ghost crabs
  2 catoblepae
  5 ogre magi
  6 centaur warriors
  A jorogumo (Spider:4)
  6 boulder beetles
  13 alligators
  2 ironbound frosthearts (Vaults:1)
  23 two-headed ogres
  3 tengu warriors
  4 radroaches
  2 death scarabs (Gauntlet)
  15 death yaks
  4 thrashing horrors (Abyss:2)
  A fire crab (D:9)
  A wretched star (Abyss:2)
  A skyshark (Lair:4)
  A skeletal warrior (D:14)
  6 large abominations
  4 deep trolls
  4 pharaoh ants
  4 spriggan druids
  A sun moth (Spider:2)
  10 goliath frogs
  A spectral hydra (Gauntlet)
  A glowing orange brain (Vaults:1)
  10 swamp dragons
  2 wizards
  4 bog bodies
  Pikel (D:8)
  A lindwurm (Lair:5)
  6 orc knights
  9 orb spiders
  8 steelbarb worms
  An ironbound convoker (Vaults:1)
  4 deep elf pyromancers
  18 wolf spiders
  4 starcursed masses (Abyss:2)
  An orc sorcerer (D:10)
  A manticore (D:12)
  3 moths of wrath
  A salamander (shapeshifter) (Gauntlet)
  9 cyclopes
  A shining eye (Abyss:2)
  20 ugly things
  9 will-o-the-wisps
  A worldbinder (Abyss:3)
  4 elephants (Lair:5)
  A guardian serpent (Lair:5)
  10 torpor snails
  9 demonic crawlers
  5 gargoyles
  7 black mambas
  3 centaur skeletons (D:14)
  A smoke demon (Abyss:2)
  20 cane toads
  4 ice devils
  A rime drake (shapeshifter) (D:11)
  Psyche (D:8)
  A kobold demonologist (D:14)
  6 yaktaurs (Vaults:1)
  2 tengu conjurers (D:13)
  3 efreet
  A freezing wraith (Abyss:2)
  A rime drake (Lair:4)
  A komodo dragon (shapeshifter) (D:15)
  A polar bear (Lair:4)
  An anaconda simulacrum (Lair:4)
  A polar bear (shapeshifter) (Gauntlet)
  An ancient zyme (Abyss:2)
  9 trolls
  A hellwing (Abyss:2)
  14 tyrant leeches
  4 raiju (Abyss:2)
  A wind drake (shapeshifter) (D:13)
  14 hornets
  A harpy skeleton (D:14)
  6 blink frogs
  13 tarantellas
  26 jumping spiders
  20 culicivoras
  7 slime creatures
  5 shadows
  A spectral black mamba (Gauntlet)
  4 spriggans
  A vampire (D:9)
  2 centaur simulacra
  12 wyverns
  49 yaks
  3 wraiths
  4 ynoxinuls
  7 basilisks
  2 fire bats (Abyss:2)
  A basilisk (shapeshifter) (Gauntlet)
  5 fire elementals (D:14)
  3 hogs (Lair:3)
  A death yak simulacrum (Lair:4)
  2 chaos spawn
  15 vampire mosquitoes
  Menkaure (D:5)
  38 redbacks
  A neqoxec (Abyss:2)
  Grum (D:11)
  A steam dragon (D:9)
  6 wargs
  A harpy simulacrum (Lair:4)
  19 swamp worms
  2 hell hounds (D:14)
  An acid dragon (D:11)
  21 water moccasins
  3 black bears
  28 orc warriors
  9 swamp drakes
  An ice beast (D:6)
  A sky beast (D:7)
  32 ogres
  15 centaurs
  22 wolves
  A phantom (D:5)
  3 kobold brigands
  11 bullfrogs
  6 scorpions
  8 wights
  9 killer bees
  An elephant simulacrum (Lair:4)
  4 howler monkeys
  4 centaur zombies (D:10)
  2 jellies
  A quasit (Abyss:2)
  5 orc priests
  2 sleepcaps
  Crazy Yiuf (D:2)
  2 hounds
  An iron imp (Abyss:2)
  An iguana (D:7)
  16 orc wizards
  A sickly merfolk siren (Sewer)
  A spriggan simulacrum (Lair:4)
  A malarious merfolk avatar (Sewer)
  A howler monkey zombie (D:10)
  4 gnolls (D:5)
  A river rat (Sewer)
  10 adders
  A naga simulacrum (Lair:4)
  2 white imps
  4 ufetubi
  2 dart slugs
  67 orcs
  6 bats
  8 endoplasms
  6 giant cockroaches
  7 goblins
  4 hobgoblins
  4 jackals (D:4)
  3 quokkas
  7 ball pythons
  11 frilled lizards
  26 kobolds
  26 rats
  A lurking horror (Abyss:3)
  4 starspawn tentacles
1123 creatures vanquished.

Vanquished Creatures (others)
  An eleionoma (Swamp:4)
  A hydra (Swamp:4)
  A polar bear (Lair:4)
  A bloated husk (Swamp:2)
  A kobold (D:11)
  A bush (Lair:5)
  44 foxfires
  39 fungi
  100 plants
  13 starspawn tentacles
  14 withered plants
216 creatures vanquished.

Grand Total: 1339 creatures vanquished

Notes
Turn   | Place    | Note
-------+----------+-------------------------------------------
     0 | D:1      | selver the Minotaur Fighter began the quest for the Orb.
     0 | D:1      | Reached XP level 1. HP: 19/19 MP: 0/0
   173 | D:1      | Reached XP level 2. HP: 26/26 MP: 1/1
   472 | D:1      | Found Zur Ragemo's Antique Armour Shop.
  1088 | D:2      | Reached XP level 3. HP: 31/31 MP: 2/2
  1496 | D:2      | Found a runed translucent door.
  1497 | D:2      | Noticed Crazy Yiuf
  1503 | D:2      | Killed Crazy Yiuf
  1504 | D:2      | Reached skill level 5 in Axes
  1504 | D:2      | Reached XP level 4. HP: 11/39 MP: 3/3
  2473 | D:3      | Found Joygocku's General Store.
  2499 | D:3      | Bought a scroll of identify for 22 gold pieces
  2499 | D:3      | Bought a potion of might for 44 gold pieces
  2499 | D:3      | Bought a scroll of identify for 22 gold pieces
  2874 | D:4      | Found Sijuorapn's Magic Scroll Emporium.
  2883 | D:4      | Bought a scroll of teleportation for 30 gold pieces
  2883 | D:4      | Noticed a water moccasin
  2893 | D:4      | Killed a water moccasin
  2894 | D:4      | Reached XP level 5. HP: 7/45 MP: 4/4
  3067 | D:4      | Reached XP level 6. HP: 35/51 MP: 5/5
  3188 | D:4      | Found a shimmering blue altar of Sif Muna.
  3210 | D:4      | Found a stormy altar of Qazlal.
  3733 | D:4      | Found a runed translucent gate.
  3733 | D:4      | Found a runed translucent gate.
  3733 | D:4      | Found a runed translucent gate.
  3734 | D:4      | Noticed cforsyth's ghost (amateur HuFi)
  3734 | D:4      | Noticed gelatine's ghost (amateur DsGl)
  3735 | D:4      | Noticed superbruh's ghost (novice MiFi)
  3735 | D:4      | Noticed billz999's ghost (novice GnHu)
  3941 | D:5      | Entered Level 5 of the Dungeon
  3988 | D:5      | Reached XP level 7. HP: 57/57 MP: 6/6
  4206 | D:5      | Reached skill level 10 in Axes
  4232 | D:5      | Noticed Menkaure
  4237 | D:5      | Killed Menkaure
  4505 | D:5      | Found an opulent altar of Gozag.
  4510 | D:5      | Became a worshipper of Gozag Ym Sagoz the Greedy
  4566 | D:5      | Reached XP level 8. HP: 48/64 MP: 7/7
  4662 | D:5      | Found a staircase to the Ecumenical Temple.
  5202 | D:6      | Reached XP level 9. HP: 70/70 MP: 8/8
  5242 | D:6      | Found a glowing drain.
  5270 | Sewer    | Entered a sewer
  6269 | D:7      | Reached skill level 5 in Shields
  6409 | D:7      | Reached skill level 15 in Axes
  6737 | D:7      | Found Ixkometo's General Store.
  6745 | D:7      | Bought 3 scrolls of magic mapping for 337 gold pieces
  6745 | D:7      | Bought a scroll of identify for 30 gold pieces
  6918 | D:7      | Found an iron altar of Okawaru.
  6978 | D:7      | Found a sacrificial altar of Ru.
  7892 | D:8      | Reached XP level 10. HP: 72/76 MP: 9/9
  8211 | D:9      | Found a staircase to the Lair.
  8211 | D:9      | Noticed a fire crab
  8211 | D:9      | Noticed a two-headed ogre
  8323 | D:9      | Found a transporter.
  8323 | D:9      | Found a transporter.
  8346 | D:9      | Noticed Psyche
  8825 | D:9      | Found a runed translucent gate.
  8826 | D:9      | Found a runed translucent gate.
  8827 | D:9      | Found a runed translucent gate.
  8828 | D:9      | Noticed lesbiats's ghost (journeyman TrFi)
  9001 | D:9      | Noticed Pikel
  9016 | D:8      | Killed Psyche
  9089 | D:8      | Killed Pikel
  9090 | D:8      | Reached skill level 5 in Fighting
  9090 | D:8      | Reached skill level 10 in Shields
  9272 | D:9      | Killed a two-headed ogre
  9434 | D:9      | Killed a fire crab
  9435 | D:9      | Reached skill level 5 in Armour
  9812 | Lair:1   | Entered Level 1 of the Lair of Beasts
  9955 | Lair:1   | Noticed a cane toad
  9960 | Lair:1   | Killed a cane toad
  9989 | Lair:1   | Noticed a cane toad
  9989 | Lair:1   | Noticed a death yak
  9990 | Lair:1   | Noticed a death yak
  9992 | Lair:1   | Noticed a death yak
 10014 | Lair:1   | Noticed a death yak
 10015 | Lair:1   | Noticed a death yak
 10016 | Lair:1   | Noticed a death yak
 10021 | Lair:1   | Killed a death yak
 10022 | Lair:1   | Reached XP level 11. HP: 91/92 MP: 10/10
 10045 | D:9      | Killed a death yak
 10360 | D:9      | Killed a death yak
 11020 | D:8      | Killed a death yak
 11144 | D:9      | Killed a death yak
 11259 | D:9      | Killed a death yak
 11747 | Lair:1   | Reached skill level 10 in Fighting
 11806 | Lair:1   | Found a runed translucent gate.
 11806 | Lair:1   | Found a runed translucent gate.
 11806 | Lair:1   | Found a runed translucent gate.
 11811 | Lair:1   | Noticed a 12-headed hydra
 11812 | Lair:1   | Noticed lunkers's ghost (journeyman MeEE)
 11813 | Lair:1   | Noticed a 12-headed hydra
 12397 | Lair:2   | Reached skill level 10 in Armour
 12657 | Lair:2   | Reached XP level 12. HP: 95/110 MP: 11/11
 12914 | Lair:2   | Noticed a death yak
 12914 | Lair:2   | Noticed a death yak
 12915 | Lair:2   | Noticed a death yak
 12937 | Lair:1   | Killed a death yak
 12951 | Lair:2   | Killed a death yak
 12962 | Lair:2   | Killed a death yak
 13165 | Lair:2   | Found a hole to the Spider Nest.
 13444 | Lair:2   | Noticed a four-headed hydra
 13444 | Lair:2   | Noticed an eight-headed hydra
 13905 | D:10     | Entered Level 10 of the Dungeon
 14006 | D:10     | Found Oseppi's Weapon Emporium.
 14006 | D:10     | Found a staircase to the Orcish Mines.
 14008 | D:10     | Found Fipak's Armour Emporium.
 14047 | D:10     | Bought a +0 war axe of flaming for 107 gold pieces
 14190 | D:10     | Noticed a two-headed ogre
 14198 | D:10     | Killed a two-headed ogre
 14782 | Lair:2   | Found a staircase to the Swamp.
 14855 | Lair:2   | Killed a one-headed hydra
 14914 | Lair:2   | Killed a four-headed hydra
 15085 | Lair:3   | Identified the +5 short sword of the Bones {freeze, rPois}
 15088 | Lair:3   | Noticed an eight-headed hydra
 15095 | Lair:3   | Killed a four-headed hydra
 15182 | Lair:3   | Noticed a death yak
 15182 | Lair:3   | Noticed a death yak
 15182 | Lair:3   | Noticed a death yak
 15182 | Lair:3   | Noticed a death yak
 15182 | Lair:3   | Noticed a death yak
 15207 | Lair:3   | Killed a death yak
 15392 | Lair:2   | Killed a death yak
 15441 | Lair:2   | Killed a death yak
 15455 | Lair:3   | Killed a death yak
 15456 | Lair:3   | Reached XP level 13. HP: 109/124 MP: 12/12
 15538 | Lair:3   | Found a transporter.
 15748 | Lair:3   | Found a transporter.
 16070 | Lair:4   | Noticed Kirke
 17856 | Lair:4   | Reached skill level 15 in Fighting
 18343 | Lair:3   | Killed Kirke
 18423 | D:9      | Bought the ring of the Hare {EV+10} for 1920 gold pieces
 18423 | D:9      | Found the ring of the Hare {EV+10}
 18641 | Lair:4   | Reached skill level 15 in Armour
 18798 | Lair:5   | Entered Level 5 of the Lair of Beasts
 18902 | Lair:5   | Found a viscous altar of Jiyva.
 18907 | Lair:5   | Found a staircase to the Slime Pits.
 18959 | Lair:5   | Reached skill level 1 in Dodging
 19259 | Lair:5   | Found a runed translucent door.
 19438 | Lair:5   | Paralysed by a hornet for 2 turns
 19801 | Lair:5   | Reached XP level 14. HP: 136/138 MP: 13/13
 21420 | D:9      | Bought the amulet "Edestuok" {Reflect rCorr SH+5} for 426
                  | gold pieces
 21468 | Orc:1    | Entered Level 1 of the Orcish Mines
 21468 | Orc:1    | Noticed Erolcha
 21473 | Orc:1    | Killed Erolcha
 21474 | Orc:1    | Reached skill level 5 in Dodging
 21535 | Orc:1    | Noticed an orc warlord
 21554 | D:10     | Paralysed by an orc sorcerer for 5 turns
 21664 | D:10     | Killed an orc warlord
 22333 | Orc:2    | Entered Level 2 of the Orcish Mines
 22333 | Orc:2    | Found Anticeyr's Weapon Emporium.
 22333 | Orc:2    | Found Vaod's Jewellery Shoppe.
 22524 | Orc:2    | Found a radiant altar of Vehumet.
 22753 | Orc:2    | Found a staircase to the Elven Halls.
 22798 | Orc:2    | Found Uczebung's Antique Weapon Emporium.
 22806 | Orc:2    | Found Xoloegic's Antique Weapon Shop.
 23392 | D:9      | Bought a +5 broad axe of flaming for 444 gold pieces
 23409 | D:9      | Bought a pair of ancient boots for 294 gold pieces
 23409 | D:9      | Identified the +1 pair of boots of the Kraken {Harm rElec
                  | Str+3 Dex-3} (You bought it in a shop on level 9 of the
                  | Dungeon)
 23508 | D:11     | Found a runed translucent door.
 23509 | D:11     | Found a runed translucent door.
 23513 | D:11     | Reached XP level 15. HP: 149/149 MP: 14/14
 23564 | D:11     | Identified the +6 war axe of the Nine Xeniums {spect,
                  | Fragile Int+5 Dex+2}
 23614 | D:11     | Got the Annotations on Fetching Infection
 23622 | D:11     | Identified the -1 pair of gloves of Trial and Error {rF+
                  | Str+3 Int+2}
 23672 | D:11     | Noticed Grum
 23678 | D:11     | Killed Grum
 24190 | D:12     | Found a gate leading to a gauntlet.
 24199 | Gauntlet | Entered a Gauntlet
 24199 | Gauntlet | Found a transporter.
 24205 | Gauntlet | Found a transporter.
 24206 | Gauntlet | Found a transporter.
 24210 | Gauntlet | Found a transporter.
 24211 | Gauntlet | Found a transporter.
 24211 | Gauntlet | Found a transporter.
 24235 | Gauntlet | Found a transporter.
 24236 | Gauntlet | Found the +1 cloak of Starlight {*Dazzle EV+4 Stlth--}
 24244 | Gauntlet | Found a transporter.
 24328 | Gauntlet | Found a transporter.
 24342 | Gauntlet | Found a transporter.
 24346 | Gauntlet | Found a transporter.
 24394 | Gauntlet | Found a transporter.
 24495 | Gauntlet | Identified the ring of Asoza {rPois Dex+6 Stlth+}
 24513 | Gauntlet | Identified the +7 sling "Beetlebane" {heavy, rN+ rCorr}
 24529 | Gauntlet | Identified the +5 ring mail "Itee" {Stlth+}
 25478 | D:13     | Identified the +11 arbalest "Oxakh" {drain, Str+3}
 26131 | D:14     | Found a glowing silver altar of Zin.
 26133 | D:14     | Found a white marble altar of Elyvilon.
 26141 | D:14     | Found a glowing golden altar of the Shining One.
 26218 | D:14     | Reached skill level 10 in Dodging
 26460 | D:14     | Found a gate to the Vaults.
 26475 | D:14     | Identified the +7 scale mail of Dishonesty {rPois}
 26695 | D:14     | Noticed Azrael
 26710 | D:14     | Killed Azrael
 27402 | D:15     | Entered Level 15 of the Dungeon
 27503 | D:15     | Reached XP level 16. HP: 142/157 MP: 15/15
 28106 | D:15     | Found a staircase to the Depths.
 28579 | Swamp:1  | Entered Level 1 of the Swamp
 29225 | Swamp:1  | Reached skill level 15 in Dodging
 29502 | Swamp:1  | Found a basalt altar of Yredelemnul.
 30234 | Swamp:2  | Noticed Mlioglotl
 30408 | Swamp:1  | Killed Mlioglotl
 31741 | Swamp:3  | Reached XP level 17. HP: 163/166 MP: 16/16
 31918 | Swamp:4  | Entered Level 4 of the Swamp
 32213 | Swamp:4  | Paralysed by a fenstrider witch for 4 turns
 32672 | Swamp:4  | Noticed the 27-headed Lernaean hydra
 32685 | Swamp:4  | Killed the 23-headed Lernaean hydra
 32877 | Swamp:4  | Got a decaying rune of Zot
 33593 | D:9      | Bought a scroll of enchant weapon for 285 gold pieces
 33655 | Spider:1 | Entered Level 1 of the Spider Nest
 35619 | Spider:3 | Noticed Arachne
 35653 | Spider:2 | Killed Arachne
 36002 | Spider:3 | Reached XP level 18. HP: 97/180 MP: 9/17
 36683 | Spider:4 | Entered Level 4 of the Spider Nest
 38124 | Spider:4 | Got a gossamer rune of Zot
 38429 | Spider:4 | Identified the +6 war axe "Worm's Wrath" {spect, rPois
                  | rC+++ rCorr Int-2}
 38883 | D:9      | Bought a scroll of enchant armour for 277 gold pieces
 38883 | D:9      | Bought a scratched copper ring for 185 gold pieces
 38883 | D:9      | Bought a potion of haste for 370 gold pieces
 38970 | Vaults:1 | Entered Level 1 of the Vaults
 39340 | Abyss:2  | Cast into level 2 of the Abyss (a wizard)
 39458 | Abyss:2  | Paralysed by a great orb of eyes for 2 turns
 39770 | Abyss:2  | Gained mutation: You have hidden genetic defects. [a
                  | shining eye]
 39818 | Abyss:2  | Gained mutation: Potions are less effective at restoring
                  | your health. [a neqoxec]
 39823 | Abyss:2  | Paralysed by accursed screaming for 1 turns
 39825 | Vaults:1 | Escaped the Abyss
 40195 | Abyss:3  | Cast into level 3 of the Abyss (a wizard)
 40199 | Abyss:3  | Found a corrupted altar of Lugonu.
 40435 | Abyss:3  | Noticed a tentacled monstrosity
 40580 | Abyss:4  | Paralysed by accursed screaming for 1 turns
 40613 | Abyss:4  | Noticed a lich
 40661 | Abyss:4  | Noticed a dread lich
 40665 | Abyss:4  | Noticed a Tzitzimitl
 40665 | Abyss:4  | Gained mutation: You are occasionally teleported next to
                  | monsters. [a neqoxec]
 40668 | Abyss:4  | Paralysed by a dread lich for 3 turns
 40671 | Abyss:4  | Gained mutation: Armour fits poorly on your strangely
                  | shaped body. [a shining eye]
 40681 | Abyss:4  | Paralysed by a dread lich for 2 turns
 40807 | Abyss:4  | HP: 6/187 [daeva/divine providence (12)]
 40808 | Abyss:4  | Killed from afar by a starcursed mass

Illustrated notes

Levels and vault maps discovered:
D:1:      dpeg_arrival_solitude, layout_loops_ring, serial_shops,
          nicolae_shop_hallway_stairs
D:2:      layout_basic, uniq_crazy_yiuf_cottage
D:3:      layout_loops_ring, serial_shops, shop_statue, serial_forest,
          infiniplex_forest_clump_cross, infiniplex_forest_clump_small,
          infiniplex_forest_lined_room_3, infiniplex_forest_lined_room_3,
          infiniplex_forest_straight_2, infiniplex_forest_straight_2,
          infiniplex_forest_clump_long
D:4:      layout_basic, mainiacjoe_overflow_surrounded_room,
          mainiacjoe_overflow_paths, gammafunk_ghost_cemetery, serial_shops,
          shop, hangedman_abyss_or_decor_stabs, kennysheep_generic_room_2
D:5:      layout_loops_cross, nicolae_gozag_seed_capital, temple_hall,
          uniq_menkaure
D:6:      layout_cave_pools, gup_sewer_entry_glass
D:7:      layout_basic, mainiacjoe_overflow_brackets,
          lemuel_coloured_pillars_altar, serial_shops, nicolae_shop_stone
D:8:      layout_rooms, glass_columns_a
D:9:      layout_rooms, minmay_lair_entry_lava, gammafunk_ghost_spectres,
          nicolae_diode_stairs, uniq_psyche, uniq_pikel
D:10:     layout_loops_ring, orc_david_3, serial_undead, serial_undead_b,
          serial_undead_b, serial_undead_a, serial_undead_b
D:11:     minmay_the_grid_four_pointed_star_mashed
          [minmay_the_grid_triangle_9x9_zippers_horizontal,
          minmay_the_grid_triangle_9x9_tough_junction,
          minmay_the_grid_triangle_9x9_pentomino_pain,
          minmay_the_grid_triangle_9x9_longest,
          minmay_the_grid_prize_four_corners_diamond_b], layout_loops_ring,
          minivault_16, uniq_grum
D:12:     layout_loops_ring, gauntlet_entry_generic
D:13:     layout_basic
D:14:     layout_grid_maze, hangedman_vaults_entry_quadrant_bands,
          good_gods_mini_temple, uniq_azrael
D:15:     grunt_enter_depths_snipers, layout_cave_pools, serial_bayou_pond_e
Lair:1:   layout_roguey, gammafunk_ghost_hydra_chop, grunt_megastairs_3
Lair:2:   layout_loops_ring, palyth_hydra_swamp_entry, dummy_spider_entry
Lair:3:   gammafunk_cloud_chamber, layout_loops_ring
Lair:4:   dreamdust_isle_of_ice, layout_big_grid, uniq_kirke
Lair:5:   wormcave, layout_gridlike, hangedman_lair_tendril_chambers,
          slime_entry_1, minivault_23
Swamp:1:  layout_basic_swamp, basic_altar, swamp_pool3
Swamp:2:  layout_basic_swamp, evilmike_swamp_ruin_house_6, uniq_mlioglotl
Swamp:3:  layout_basic_swamp, serial_swamp_ruin, evilmike_swamp_ruin_house_4,
          evilmike_swamp_ruin_house_3, swamp_pool4
Swamp:4:  swamp_old_school, layout_basic_swamp
Spider:1: layout_spider_delve
Spider:2: layout_cave_pods
Spider:3: layout_spider_delve, nicolae_spider_baby_got_redback, uniq_arachne
Spider:4: guppyfry_spider_rune, nicolae_spider_stair_cavern
Orc:1:    layout_diamond_mine, uniq_erolcha
Orc:2:    st_orc_open, layout_caves, basic_altar
Vaults:1: vaults_mumra_hexcomb, vaults_room_octagon, hangedman_vaults_trim,
          hangedman_vaults_pinch, hangedman_vaults_maws,
          hangedman_vaults_corner_blocks, v_misc_32, hangedman_vaults_slice,
          v_misc_23, st_cells, ontoclasm_vaults_gateway,
          nicolae_vaults_diagonal_hallway_7, layout_vaults_big_room
Abyss:4:  base: Vaults:1, spicy_pingpong_abyss_rune, minivault_25_ag,
          doesnt_abyss_rune_brain_food, gammafunk_corrupted_shrine,
          hangedman_abyss_river_spirits, evilmike_abyss_exit_kraken,
          minivault_20, nicolae_abyss_rune_star_stuff,
          gammafunk_abyss_rune_reverse_zot

Skill      XL: |  1  2  3  4  5  6  7  8  9 10 11 12 13 14 15 16 17 18 |
---------------+-------------------------------------------------------+-----
Axes           | 3 4 5 7 9 11 13 15 16 18 | 18.0
Shields        | 6 10 | 10.0
Fighting       | 7 11 14 16 18 20 22 | 22.7
Armour         | 6 10 13 16 17 18 20 22 | 22.5
Dodging        | 3 6 12 16 | 16.8

Action                     |  1- 3 |  4- 6 |  7- 9 | 10-12 | 13-15 | 16-18 || total
---------------------------+-------+-------+-------+-------+-------+-------++-------
  Melee: War axe           |    86 |    97 |   352 |   576 |   684 |       ||  1795
         Headbutt          |     5 |     8 |    41 |   164 |   274 |   342 ||   834
         Unarmed           |       |       |       |     5 |     5 |     1 ||    11
         Broad axe         |       |       |       |       |   381 |  1380 ||  1761
 Invoke: Call Merchant     |       |       |       |     1 |     3 |     4 ||     8
    Use: Potion            |     1 |     3 |    12 |     5 |     2 |    19 ||    42
         Scroll            |       |     7 |    15 |     9 |    11 |    21 ||    63
   Stab: Invisible         |       |       |     1 |       |       |       ||     1
         Distracted        |       |       |       |     3 |     7 |    14 ||    24
         Petrified         |       |       |       |       |     1 |       ||     1
         Confused          |       |       |       |       |       |     2 ||     2
 Armour: Scale mail        |    40 |    41 |    17 |       |       |       ||    98
         Skin              |       |       |    21 |       |       |       ||    21
         Crystal plate arm |       |       |   182 |   349 |   467 |   586 ||  1584
  Dodge: Dodged            |    41 |    33 |    52 |    64 |   405 |   968 ||  1563
  Block: Buckler           |    19 |    26 |    64 |       |       |       ||   109
         Kite shield       |       |       |       |   258 |   630 |  1136 ||  2024
         Reflection        |       |       |       |       |    20 |    33 ||    53
         Other             |       |       |       |       |       |     1 ||     1

Table legend: (Time is in decaauts)
 A = Elapsed time spent in this place.
 B = Non-inter-level travel time spent in this place.
 C = Inter-level travel time spent in this place.
 D = Time resting spent in this place.
 E = Time spent auto-exploring this place.
 F = Levels seen in this place.
 G = Mean time per level.
                   A        B        C        D        E       F      G
               +--------+--------+--------+--------+--------+-----+--------+
         Total |  40788 |  38255 |   2533 |  11108 |  17798 |  36 | 1133.0 |
       Dungeon |  16556 |  15503 |   1053 |   4418 |   8014 |  15 | 1103.7 |
          Lair |   9760 |   8876 |    884 |   3449 |   3186 |   5 | 1952.0 |
         Swamp |   5038 |   4816 |    222 |   1498 |   2363 |   4 | 1259.5 |
   Spider Nest |   5104 |   4795 |    309 |    665 |   3211 |   4 | 1276.0 |
  Orcish Mines |   1708 |   1653 |     55 |    471 |    546 |   2 |  854.0 |
        Vaults |    730 |    723 |      7 |    258 |    332 |   1 |  730.0 |
         Abyss |   1045 |   1045 |      0 |    247 |      4 |   3 |  348.3 |
         Sewer |    462 |    462 |      0 |    100 |    142 |   1 |  462.0 |
      Gauntlet |    380 |    380 |      0 |      0 |      0 |   1 |  380.0 |
               +--------+--------+--------+--------+--------+-----+--------+

Top non-repeatable levels by time:
  Lair:5: 2493 daAuts
     D:9: 2300 daAuts
  Lair:3: 2285 daAuts
  Lair:2: 2210 daAuts
Spider:4: 2005 daAuts
     D:8: 1763 daAuts
 Swamp:1: 1676 daAuts
 Swamp:4: 1598 daAuts
  Lair:1: 1433 daAuts
    D:14: 1415 daAuts
  Lair:4: 1337 daAuts
     D:7: 1335 daAuts
Spider:1: 1139 daAuts
     D:4: 1084 daAuts
     D:1: 1075 daAuts
